 Dungeon Crawl Stone Soup version 0.29-a0-872-g797fff5ad1 (webtiles) character file.

Game seed: 2752745029373205313

1084 IdlyInterested the Cutter (level 8, -10/56 HPs)
             Began as a Demonspawn Gladiator on July 18, 2022.
             Mangled by an ogre
             ... wielding a +0 giant club
              (19 damage)
             ... on level 5 of the Dungeon.
             The game lasted 00:14:31 (5219 turns).

IdlyInterested the Cutter (Demonspawn Gladiator)    Turns: 5219, Time: 00:14:31

Health: -10/56     AC: 10    Str: 20    XL:     8   Next: 8%
Magic:  0/9        EV:  9    Int: 10    God:
Gold:   109        SH:  9    Dex: 17    Spells: 7/7 levels left

rFire   . . .      SeeInvis .   E - +1 dagger (venom)
rCold   . . .      Faith    .   (no shield)
rNeg    . . .      Spirit   +   o - +0 chain mail
rPois   .          Reflect  +   c - +0 helmet
rElec   .          Harm     .   k - +0 cloak
rCorr   .          Rampage  .   (no gloves)
Will    .....                   (no boots)
Stlth   ..........              y - amulet of reflection
HPRegen 0.18/turn               C - +6 ring of strength
MPRegen 0.22/turn               (no ring)

@: slowed, very slow
A: large bone plates 1, spiny 1, magic shield, magic regeneration, demonic touch
2
a: no special abilities


You were on level 5 of the Dungeon.
You visited 1 branch of the dungeon, and saw 6 of its levels.
You also visited: Sewer.

You collected 307 gold pieces.
You spent 198 gold pieces at shops.

Inventory:

Hand Weapons
 a - a +0 rapier
 l - a +2 vampiric dagger
 p - a +4 vorpal falchion
 E - a +1 dagger of venom (weapon)
Missiles
 d - 3 throwing nets
 e - a javelin
 f - 2 boomerangs
 g - 7 poisoned darts (quivered)
Armour
 c - a +0 helmet (worn)
 k - a +0 cloak (worn)
 o - a +0 chain mail (worn)
Magical Staves
 h - a staff of fire
Jewellery
 y - an amulet of reflection (around neck)
 C - a +6 ring of strength (left hand)
 D - a ring of ice
Wands
 b - a wand of paralysis (22)
 n - a wand of polymorph (9)
Scrolls
 m - a scroll of silence {unknown}
 r - 3 scrolls of enchant armour {unknown}
 s - 2 scrolls of enchant weapon {unknown}
 u - 2 scrolls of magic mapping {unknown}
 v - a scroll of blinking {unknown}
 F - a scroll of identify
 H - a scroll of immolation {unknown}
Potions
 i - 2 potions of resistance
 j - 5 potions of attraction
 q - a potion of might
 t - a potion of mutation
 w - a potion of ambrosia
 x - a potion of cancellation
 z - 4 potions of curing
 A - a potion of magic
 B - 2 potions of haste
 G - a potion of heal wounds {unknown}


   Skills:
 - Level 2.0 Fighting
 * Level 5.5 Short Blades
 - Level 2.0 Throwing
 * Level 1.2 Armour
 + Level 4.2 Dodging
 * Level 5.1 Stealth
 - Level 2.0 Unarmed Combat
 - Level 2.0 Invocations
 - Level 2.0 Evocations


You had 7 spell levels left.
You didn't know any spells.
Your spell library contained the following spells:

 Spells                   Type           Power      Damage    Failure   Level
 Freeze                   Ice            0%         1d3       99%         1
 Blink                    Tloc           0%         N/A       100%        2
 Ensorcelled Hibernation  Hex/Ice        0%         N/A       100%        2
 Passwall                 Tmut/Erth      0%         N/A       100%        2
 Conjure Flame            Conj/Fire      0%         6-21      100%        3
 Frozen Ramparts          Ice            0%         1d2       100%        3
 Gell's Gravitas          Tloc           0%         N/A       100%        3
 Ignite Poison            Fire/Tmut/Pois 0%         N/A       100%        3
 Lesser Beckoning         Tloc           0%         N/A       100%        3
 Swiftness                Air            0%         N/A       100%        3
 Teleport Other           Tloc           0%         N/A       100%        3
 Hailstorm                Conj/Ice       0%         3d3       100%        4
 Sticky Flame             Conj/Fire      0%         2d3       100%        4
 Manifold Assault         Tloc           0%         N/A       100%        5
 Summon Forest            Summ/Tloc      0%         N/A       100%        5
 Eringya's Noxious Bog    Tmut/Pois      0%         N/A       100%        6
 Summon Hydra             Summ           0%         N/A       100%        7


Dungeon Overview and Level Annotations

Branches:
Dungeon (6/15)              Sewer (visited)
 Temple: D:4-7

Altars:
Ashenzari
Cheibriados
Nemelex Xobeh
Yredelemnul

Shops:
D:3 *


Innate Abilities, Weirdness & Mutations

You are partially covered in large bone plates. (SH +4)
You are partially covered in sharp spines.
When hurt, damage is shared between your health and your magic reserves.
You regenerate magic rapidly.
Your touch may inflict irresistible damage on your foes.


Message History

The orc wizard gestures wildly while chanting.
The orc wizard flickers and vanishes!
Deactivating autopickup; reactivate with Ctrl-A.
The wraith hits you!
There is a stone staircase leading down here.
An ogre comes into view. It is wielding a +0 giant club.
The ogre shouts!
You hear two shouts!
You hear an angry growl.
The wraith is struck by your spines. The wraith hits you but does no damage.
Something hits you but does no damage.
You closely miss the wraith.
The wraith is lightly damaged.
The wraith closely misses you.
You hear some strange, mumbled words.
You are more confused.
The wraith hits you but does no damage. The wraith attacks as you move away!
The wraith hits you but does no damage. Something hits you but does no damage.
You bump into the rock wall.
The wraith hits you. The wraith drains your vigour!
You feel yourself slow down. Something hits you.
The wraith attacks as you move away! The wraith is struck by your spines.
The wraith hits you. The wraith drains your vigour!
You feel as though you will be slow longer.
The wraith is struck by your spines. The wraith hits you.
Something hits you but does no damage.
You miss something. The wraith barely misses you.
Something hits you but does no damage.
You completely miss something.
A two-headed ogre comes into view.
It is wielding a +0 dire flail and a +0 giant spiked club.
The wraith barely misses you. Something hits you.
You hit something but do no damage.
You touch something!
Reactivating autopickup.
You feel a bit more experienced. The wraith closely misses you.
You're too confused to move!
You feel less confused. The wraith hits you! The ogre is struck by your spines.
The ogre hits you with a +0 giant club!!
* * * LOW HITPOINT WARNING * * *
The wraith hits you but does no damage.
The ogre hits you with a +0 giant club!!
You die...

###.........###.
##...............
#..#...>.........
##.###..........#
##..).....O.#...##
########...######..#####
........)).# #.)###
........).## ####OW>.#
.........## #..@....#
.........# ###.##....#
.........# #...##....#
...#########.####....#
..## #..# #....# ..#
#.## ##.#### ..# ####.#
#....# ###
#....####.##.#
########.##...⌠#⌠...#


You could see a two-headed ogre, a wraith and an ogre.

Vanquished Creatures
  Menkaure (D:6)
  Pargi (Sewer)
  A water moccasin (D:5)
  A black bear (D:5)
  A phantom (D:5)
  4 scorpions
  An orc priest (D:4)
  2 hounds (D:5)
  An iguana (D:4)
  3 orc wizards
  3 gnolls (D:3)
  3 adders
  2 worms
  A dart slug (D:2)
  15 orcs
  5 endoplasms
  8 giant cockroaches
  6 goblins
  8 hobgoblins
  5 jackals
  6 quokkas
  5 ball pythons
  3 bats
  10 frilled lizards
  10 kobolds
  4 rats
110 creatures vanquished.

Notes
Turn   | Place    | Note
-------+----------+-------------------------------------------
     0 | D:1      | IdlyInterested the Demonspawn Gladiator began the quest for
                  | the Orb.
     0 | D:1      | Reached XP level 1. HP: 16/16 MP: 1/1
   172 | D:1      | Gained mutation: You are partially covered in sharp spines.
                  | [demonic ancestry]
   172 | D:1      | Reached XP level 2. HP: 21/22 MP: 2/2
   190 | D:1      | Reached skill level 1 in Stealth
   743 | D:2      | Gained mutation: Your touch may inflict minor irresistible
                  | damage on your foes. [demonic ancestry]
   743 | D:2      | Reached XP level 3. HP: 27/27 MP: 3/3
  1384 | D:2      | Reached skill level 1 in Armour
  1389 | D:2      | Gained mutation: You regenerate magic rapidly. [demonic
                  | ancestry]
  1389 | D:2      | Reached XP level 4. HP: 11/33 MP: 4/4
  1657 | D:2      | Found a faded altar of an unknown god.
  1955 | D:3      | You fall into a shaft and drop 3 floors!
  2033 | D:6      | Noticed Menkaure
  2037 | D:6      | Killed Menkaure
  2038 | D:6      | Gained mutation: When hurt, damage is shared between your
                  | health and your magic reserves. [demonic ancestry]
  2038 | D:6      | Reached XP level 5. HP: 38/38 MP: 5/5
  2088 | D:6      | Reached skill level 1 in Invocations
  2348 | D:5      | Entered Level 5 of the Dungeon
  2428 | D:5      | Noticed a black bear
  2433 | D:5      | Killed a black bear
  2434 | D:5      | Gained mutation: You are partially covered in large bone
                  | plates. (SH +4) [demonic ancestry]
  2434 | D:5      | Reached XP level 6. HP: 31/44 MP: 7/7
  2459 | D:5      | Noticed a water moccasin
  2466 | D:5      | Killed a water moccasin
  2467 | D:5      | Reached skill level 1 in Unarmed Combat
  2560 | D:5      | Found a glowing drain.
  2566 | D:5      | Reached XP level 7. HP: 25/50 MP: 6/8
  2576 | Sewer    | Entered a sewer
  2741 | Sewer    | Noticed Pargi
  2750 | Sewer    | Killed Pargi
  2950 | D:5      | Reached skill level 5 in Short Blades
  3760 | D:3      | Found Tyjiotihego's Assorted Antiques.
  3777 | D:3      | Bought a scroll labelled HAM MUNIGECUSS for 22 gold pieces
  3777 | D:3      | Bought a scroll labelled UBUL LUX PYFU for 22 gold pieces
  3777 | D:3      | Bought a golden ring for 110 gold pieces
  4049 | D:3      | Bought a scroll of identify for 44 gold pieces
  4304 | D:4      | Reached skill level 1 in Evocations
  5053 | D:5      | Found a basalt altar of Yredelemnul.
  5053 | D:5      | Found a snail-covered altar of Cheibriados.
  5054 | D:5      | Found a sparkling altar of Nemelex Xobeh.
  5069 | D:5      | Found a broken altar of Ashenzari.
  5173 | D:5      | Reached skill level 5 in Stealth
  5179 | D:5      | Gained mutation: Your touch may inflict irresistible damage
                  | on your foes. [demonic ancestry]
  5179 | D:5      | Reached XP level 8. HP: 44/56 MP: 9/9
  5216 | D:5      | Noticed a two-headed ogre
  5219 | D:5      | Mangled by an ogre

Illustrated notes

Levels and vault maps discovered:
D:1:      evilmike_arrival_plus, layout_basic, hex_medium
D:2:      layout_loops_ring, basic_ecumenical_altar, minmay_tall_x
D:3:      layout_basic, serial_shops, shop
D:4:      layout_basic, kennysheep_small_spiral
D:5:      layout_rooms, nicolae_overflow_quartered_altars, portal_sewer_entry_f,
          minmay_manual_mail
D:6:      cheibrodos_fzero, layout_layer_cave, trog_antimagical,
          minmay_temple_entry_purple_smoke, uniq_menkaure

Skill      XL: |  1  2  3  4  5  6  7 |
---------------+----------------------+-----
Throwing       | 2 |  2.0
Stealth        | 1 3 4 5 |  5.1
Short Blades   | 3 4 5 |  5.5
Dodging        | 3 4 |  4.2
Armour         | 1 |  1.2
Invocations    | 2 |  2.0
Unarmed Combat | 1 2 |  2.0
Evocations     | 2 |  2.0
Fighting       | |  2.0

Action                   |  1- 3 |  4- 6 |  7- 9 || total
-------------------------+-------+-------+-------++-------
Melee: Rapier            |    97 |    43 |    81 ||   221
       Touch             |     4 |    10 |    20 ||    34
       Punch             |       |     1 |     3 ||     4
       Dagger            |       |       |    42 ||    42
Throw: Dart              |     3 |       |       ||     3
  Use: Scroll            |     1 |     5 |     7 ||    13
       Potion            |       |       |     1 ||     1
 Stab: Sleeping          |     2 |       |       ||     2
       Distracted        |       |     1 |       ||     1
Armor: Leather armour    |    19 |       |       ||    19
       Ring mail         |     1 |    11 |       ||    12
       Chain mail        |       |       |    55 ||    55
Dodge: Dodged            |    49 |    20 |    40 ||   109
Block: Other             |       |     2 |    35 ||    37

Table legend: (Time is in decaauts)
 A = Elapsed time spent in this place.
 B = Non-inter-level travel time spent in this place.
 C = Inter-level travel time spent in this place.
 D = Time resting spent in this place.
 E = Time spent auto-exploring this place.
 F = Levels seen in this place.
 G = Mean time per level.
                   A        B        C        D        E       F      G
               +--------+--------+--------+--------+--------+-----+--------+
         Total |   5263 |   4589 |    674 |    785 |   2676 |   7 |  751.9 |
       Dungeon |   4853 |   4179 |    674 |    655 |   2513 |   6 |  808.8 |
         Sewer |    410 |    410 |      0 |    130 |    163 |   1 |  410.0 |
               +--------+--------+--------+--------+--------+-----+--------+

Top non-repeatable levels by time:
     D:2: 1282 daAuts
     D:4: 1029 daAuts
     D:3: 845 daAuts
     D:1: 721 daAuts
     D:5: 581 daAuts
   Sewer: 410 daAuts
     D:6: 392 daAuts
